 Dungeon Crawl Stone Soup version 0.24.0-125-gc4c63601f3 (console) character file.

Game seed: 3802693748604437576, levelgen mode: deterministic

5741 Kagalorn the Tainter (level 10, -4/66 HPs)
             Began as an Octopode Venom Mage on Mar 9, 2020.
             Was a Follower of Vehumet.
             Slain by a wyvern (5 damage)
             ... on level 7 of the Dungeon.
             The game lasted 00:39:12 (11600 turns).

Kagalorn the Tainter (Octopode Venom Mage)         Turns: 11600, Time: 00:39:13

Health: -4/66      AC:  1    Str:  9    XL:     10   Next: 77%
Magic:  17/17      EV: 15    Int: 20    God:    Vehumet [*.....]
Gold:   337        SH:  0    Dex: 12    Spells: 15/19 levels left

rFire    + . .     SeeInvis .   a - +2 dagger (venom)
rCold    . . .     Gourm    .   (no shield)
rNeg     . . .     Faith    .   (helmet restricted)
rPois    .         Spirit   .   q - amulet of the acrobat
rElec    .         Reflect  .   z - ring of protection from fire
rCorr    .         Harm     .   I - ring of stealth
MR       .....                  (no ring)
Stlth    +++++++...             (no ring)
HPRegen  0.21/turn              (no ring)
MPRegen  0.15/turn              (no ring)
                                (no ring)
                                (no ring)

@: no status effects
A: almost no armour, stealthy swim, amphibious, 8 rings, constrict 8, camouflage
1, gelatinous body 1
a: Renounce Religion


You were on level 7 of the Dungeon.
You worshipped Vehumet.
Vehumet was aware of your devotion.
You were very hungry.

You visited 2 branches of the dungeon, and saw 9 of its levels.
You also visited: Sewer.

You collected 394 gold pieces.
You spent 57 gold pieces at shops.

Inventory:

Hand Weapons
 a - a +2 dagger of venom (weapon)
 j - a +5 halberd of freezing
 u - a +1 spear of venom
 y - a +1 flail of holy wrath
 E - a +4 quarterstaff of chaos
 G - a +1 spear of flaming
Missiles
 f - 8 javelins (quivered)
 l - 21 poisoned darts
 s - 382 stones
Magical Staves
 g - a cursed staff of power {unknown}
 H - an uncursed staff of death {unknown}
Jewellery
 q - an amulet of the acrobat (around mantle)
 z - a ring of protection from fire (left tentacle)
 I - a ring of stealth (right tentacle)
Wands
 t - a wand of flame (32)
 w - a wand of paralysis (3)
Scrolls
 c - 2 scrolls of teleportation
 e - 2 scrolls of enchant weapon
 p - 3 scrolls of remove curse
 v - a scroll of amnesia {unknown}
 B - a scroll of noise {unknown}
 C - 3 scrolls of enchant armour
Potions
 d - 2 potions of haste {unknown}
 h - 2 potions of might
 i - 2 potions of cancellation
 k - 4 potions of heal wounds
 m - 6 potions of agility {unknown}
 o - a potion of mutation
 r - 11 potions of curing
 x - a potion of flight
 D - a potion of ambrosia
 F - a potion of lignification
 L - a potion of invisibility
Miscellaneous
 J - a crystal ball of energy
 K - a lightning rod (4/4)
Comestibles
 n - 14 rations


   Skills:
 - Level 5.0 Fighting
 - Level 5.0 Dodging
 * Level 11.0 Stealth
 - Level 5.0 Spellcasting
 - Level 2.0 Conjurations
 + Level 4.1 Air Magic
 + Level 11.9 Poison Magic


You had 15 spell levels left.
You knew the following spells:

 Your Spells              Type           Power        Failure   Level  Hunger
a - Shock                 Conj/Air       ###.         3%          1    None
b - Poisonous Vapours     Pois/Air       #####.       1%          2    None
p - Sting                 Conj/Pois      ####         1%          1    None

Your spell library contained the following spells:

 Spells                   Type           Power        Failure   Level  Hunger
 Olgreb's Toxic Radiance  Pois           ######..     1%          4    ####...
 Mephitic Cloud           Conj/Pois/Air  ####....     3%          3    ##.....
 Magic Dart               Conj           ##..         4%          1    None
 Searing Ray              Conj           ##....       8%          2    None
 Venom Bolt               Conj/Pois      ####......   19%         5    #####..
 Dazzling Spray           Conj/Hex       #.....       22%         3    ##.....
 Iskenderun's Mystic Bla  Conj           ##......     45%         4    ####...
 Force Lance              Conj/Tloc      #.......     58%         4    ####...
 Fulminant Prism          Conj/Hex       #.........   58%         4    ####...


Dungeon Overview and Level Annotations

Branches:
Dungeon (8/15)             Temple (1/1) D:6           Sewer (visited)
   Lair: D:8-11

Altars:
Ashenzari
Cheibriados
Dithmenos
Elyvilon
Fedhas
Gozag
Hepliaklqana
Kikubaaqudgha
Makhleb
Nemelex Xobeh
Okawaru
Qazlal
Ru
Sif Muna
Trog
Uskayaw
Vehumet
Wu Jian
Xom
Yredelemnul
Zin
The Shining One

Shops:
D:8 *

Annotations:
D:7 exclusion: hydra
D:8 Erica


Innate Abilities, Weirdness & Mutations

You cannot wear most types of armour.
You are very stealthy in the water. (Stealth+)
You are amphibious.
You can wear up to eight rings at the same time.
You can use your tentacles to constrict eight enemies at once.
Your skin changes colour to match your surroundings (Stealth+).
Your rubbery body absorbs attacks. (AC +1, EV +1)


Message History

The wyvern bites you! The wyvern bites you!! The wyvern misses you.
There is a stone staircase leading up, spattered with blood here.
The wyvern bites you!!
* * * LOW HITPOINT WARNING * * *
You climb upwards.
Level annotation: exclusion: hydra
There is a stone staircase leading down here.
Okay, then.
Unknown command.
Unknown command.
Okay, then.
Unknown command.
Unknown command.
Okay, then.
Evoke which item? (* to show all) (? for menu, Esc to quit)
Aiming: Paralyse
Press: ? - help, Shift-Dir - straight line, f - wyvern
Aim: a wyvern (moderately wounded, chance to defeat MR: 46%)
The wyvern resists with some effort.
The wyvern bites you.
You die...

#.._........# #.. #.#.#.......#
#.. #.#.........# ###### #).
#...(.......# #....# #..
###.........# #....# #..
##........># #....#####[.
#..........###....##.....
#.######l#..##.......[... #.#
#@##.##....##..#.. #######.###
#.##.##....##.###. #.........#
#.##....(..##.###.
#...###.#.####.#####....#......
#..............................
#..#####'#######'####..........
#..###.....###.....###.........
#..##..)..###.....####.........
#..#.....###.....###.#.........


You could see a wyvern.

Vanquished Creatures
  A manticore (D:7)
  A hornet (D:8)
  Sigmund (D:2)
  3 hippogriffs
  A hungry ghost (D:8)
  Grum (D:8)
  Edmund (D:5)
  Duvessa (D:4)
  Purgy (Sewer)
  An ice beast (D:7)
  A black bear (D:7)
  2 phantoms
  6 ogres
  2 wolves (D:7)
  6 centaurs
  A crocodile (D:7)
  A gnoll sergeant (D:7)
  4 bullfrogs
  Dowan (D:4)
  5 scorpions
  A killer bee (D:8)
  3 wights (D:6)
  2 howler monkeys
  6 crimson imps
  A bullfrog zombie (D:7)
  3 jellies (D:8)
  5 orc priests (D:4)
  Crazy Yiuf (D:6)
  2 bullfrog skeletons
  7 hounds
  2 orc wizards
  2 centaur skeletons
  Jessica (D:2)
  Natasha (thrice) (D:4)
  7 worker ants
  A hound zombie (D:7)
  2 hound skeletons
  11 gnolls
  8 adders
  A river rat (D:4)
  3 shadow imps
  An ooze (D:4)
  An adder skeleton (D:4)
  A dart slug (D:2)
  26 orcs
  7 giant cockroaches
  13 hobgoblins
  A jackal (D:7)
  9 quokkas
  A ball python (D:4)
  9 bats
  2 frilled lizards (D:1)
  7 goblins
  8 kobolds
  A leopard gecko skeleton (D:5)
  11 rats
211 creatures vanquished.

Notes
Turn   | Place    | Note
-------+----------+-------------------------------------------
     0 | D:1      | Kagalorn the Octopode Venom Mage began the quest for the
                  | Orb.
     0 | D:1      | Reached XP level 1. HP: 11/11 MP: 3/3
   167 | D:1      | Reached XP level 2. HP: 9/17 MP: 0/5
   181 | D:1      | Learned a level 2 spell: Poisonous Vapours
   680 | D:1      | Reached XP level 3. HP: 14/21 MP: 6/6
   681 | D:1      | Reached skill level 5 in Poison Magic
   828 | D:2      | Noticed Jessica
   837 | D:2      | Killed Jessica
   992 | D:2      | Reached XP level 4. HP: 23/27 MP: 7/7
  1001 | D:2      | Found an iron altar of Okawaru.
  1230 | D:2      | Noticed Sigmund
  1626 | D:2      | Killed Sigmund
  1626 | D:2      | Reached XP level 5. HP: 31/31 MP: 0/8
  1626 | D:2      | Reached XP level 6. HP: 36/36 MP: 0/9
  2543 | D:4      | Found a glowing drain.
  2547 | Sewer    | Entered a sewer
  2713 | Sewer    | Noticed Purgy
  2726 | Sewer    | Killed Purgy
  2726 | Sewer    | Reached skill level 1 in Fighting
  2726 | Sewer    | Reached XP level 7. HP: 41/43 MP: 0/10
  3526 | D:4      | Reached XP level 8. HP: 49/50 MP: 3/12
  3548 | D:4      | Noticed Duvessa
  4052 | D:4      | Noticed Natasha
  4058 | D:4      | Killed Natasha
  4120 | D:4      | Reached skill level 5 in Stealth
  4318 | D:4      | Noticed Dowan
  4377 | D:4      | Killed Duvessa
  4396 | D:4      | Killed Dowan
  4568 | D:4      | Noticed Natasha
  4572 | D:4      | Killed Natasha
  4599 | D:4      | Noticed Natasha
  4607 | D:4      | Killed Natasha
  5134 | D:5      | Entered Level 5 of the Dungeon
  5195 | D:5      | Found a radiant altar of Vehumet.
  5213 | D:5      | Became a worshipper of Vehumet
  5252 | D:5      | Found a shadowy altar of Dithmenos.
  6308 | D:6      | Reached XP level 9. HP: 48/58 MP: 15/15
  6774 | D:5      | Found a shadowy altar of Dithmenos.
  6801 | D:5      | Reached skill level 5 in Dodging
  6869 | D:5      | Found a radiant altar of Vehumet.
  7304 | D:6      | Reached skill level 5 in Spellcasting
  7334 | D:6      | Found a shimmering blue altar of Sif Muna.
  7337 | D:6      | Noticed Edmund
  7357 | D:5      | Killed Edmund
  7357 | D:5      | Reached skill level 5 in Fighting
  7484 | D:6      | Found a blossoming altar of Fedhas.
  7572 | D:6      | Found a staircase to the Ecumenical Temple.
  7581 | Temple   | Entered the Ecumenical Temple
  8140 | D:6      | Found a runed translucent door.
  8141 | D:6      | Noticed Crazy Yiuf
  8157 | D:6      | Killed Crazy Yiuf
  8432 | D:7      | Reached skill level 10 in Poison Magic
  8537 | D:7      | Noticed a five-headed hydra
  8619 | D:7      | Reached * piety under Vehumet
  8619 | D:7      | Offered knowledge of Shock by Vehumet.
  8622 | D:7      | Learned a level 1 spell: Shock
  8702 | D:7      | Got a brightly glowing battleaxe
  8811 | D:7      | Reached skill level 1 in Air Magic
  9117 | D:6      | Reached XP level 10. HP: 43/66 MP: 10/17
  9159 | D:7      | You fall into a shaft and drop 1 floor!
  9383 | D:7      | Noticed a manticore
  9407 | D:7      | Killed a manticore
  9895 | D:7      | Found a glowing silver altar of Zin.
 10254 | D:8      | Found Ote Lisa's Assorted Antiques.
 10261 | D:8      | Bought a murky green potion for 27 gold pieces
 10261 | D:8      | Bought a scroll labeled ELEANO KICI for 30 gold pieces
 10341 | D:8      | Reached skill level 10 in Stealth
 10393 | D:8      | Noticed Erica
 10566 | D:8      | Noticed Grum
 10577 | D:8      | Killed Grum
 11598 | D:8      | HP: 1/66 [wyvern (20)]
 11600 | D:7      | Slain by a wyvern

Levels and vault maps discovered:
D:1:      minmay_arrival_radiant_lines, layout_basic, minmay_tree_intersection
D:2:      layout_basic, okawaru_altar_gauntlet_db, uniq_jessica, uniq_sigmund
D:3:      layout_loops_ring, first_ration, bh_chokoban, kennysheep_nondescript
D:4:      layout_basic, gup_sewer_entry_bowl, uniq_natasha, uniq_duvessa
D:5:      layout_cave_pods, nicolae_dithmenos_the_darkroom, vehumet_crystals,
          serial_glass, glass_columns_b, glass_columns_c
D:6:      layout_basic, grunt_temple_overflow_open,
          minmay_temple_entry_overgrown, supply_closet_lemuel,
          uniq_crazy_yiuf_cottage, uniq_edmund
D:7:      minmay_the_grid_octo_2x2 [minmay_the_grid_octo_thin_diamonds,
          minmay_the_grid_octo_fat_diamond, minmay_the_grid_octo_focus,
          minmay_the_grid_octo_prize_ultimate_mussel_roller], layout_rooms,
          lemuel_crystal_altar, minmay_quadrilaterals
D:8:      layout_cave_pods, serial_shops, nicolae_shop_trees,
          kennysheep_small_circle, uniq_maurice, uniq_erica, uniq_grum
Temple:   regret_index_temple_sphere_string

Skill      XL: |  1  2  3  4  5  6  7  8  9 10 |
---------------+-------------------------------+-----
Poison Magic   | 4 5 8 9 11 | 11.9
Stealth        | 3 4 6 8 11 | 11.0
Fighting       | 1 2 4 5 |  5.0
Dodging        | 3 4 5 |  5.0
Spellcasting   | 3 4 5 |  5.0
Air Magic      | 1 4 |  4.1
Conjurations   | 2 |  2.0

Action                   |  1- 3 |  4- 6 |  7- 9 | 10-12 || total
-------------------------+-------+-------+-------+-------++-------
Melee: Unarmed           |    46 |       |       |       ||    46
       Constrict         |    15 |    10 |    39 |     9 ||    73
       Tentacles         |    10 |     8 |    29 |     6 ||    53
       Spear             |     8 |    25 |       |       ||    33
       Dagger            |       |    11 |   166 |    46 ||   223
       Flail             |       |       |    13 |       ||    13
 Cast: Sting             |    15 |    14 |    22 |       ||    51
       Poisonous Vapours |     3 |    25 |   161 |    72 ||   261
       Shock             |       |       |    13 |   102 ||   115
Evoke: Wand              |       |       |     5 |     1 ||     6
  Use: Scroll            |       |       |    16 |     4 ||    20
 Stab: Sleeping          |     7 |     5 |     5 |     7 ||    24
  Eat: Chunk             |     1 |     7 |    14 |     5 ||    27
       Ration            |       |       |     3 |     1 ||     4
Armor: Skin              |     5 |     4 |     8 |     5 ||    22
Dodge: Dodged            |    50 |    36 |   192 |   114 ||   392
